 Dungeon Crawl Stone Soup version 0.32-a0-871-ge202e49faa (webtiles) character file.

Game seed: 322435766659290097

52 kae the Slasher (level 3, 0/27 HPs)
             Began as a Coglin Gladiator on Mar 29, 2024.
             Slain by a goblin
             ... wielding a +0 dagger
             ... led by Robin
              (5 damage)
             ... on level 2 of the Dungeon.
             The game lasted 00:00:40 (972 turns).

kae the Slasher (Coglin Gladiator)                   Turns: 972, Time: 00:00:41

Health: 0/27       AC:  5    Str: 14    XL:     3   Next: 85%
Magic:  3/3        EV: 11    Int:  7    God:
Gold:   27         SH:  0    Dex: 17    Spells: 2/2 levels left

rFire   . . .        a - +0 long sword {Esteban}
rCold   . . .        f - +0 dagger {Chakide}
rNeg    . . .        b - +0 leather armour
rPois   .            c - +1 helmet
rElec   .            (no cloak)
rCorr   .            (no gloves)
SInv    .            (no boots)
Will    .....        (amulet unavailable)
Stlth   +            (ring unavailable)
HPRegen 0.24/turn    (ring unavailable)
MPRegen 0.08/turn    (no gizmo)

%: no passive effects
@: revved
A: off-hand wielding, slow wielding, warmup strikes, no jewellery
a: Invent Gizmo


You were on level 2 of the Dungeon.
You visited 1 branch of the dungeon, and saw 2 of its levels.

You collected 27 gold pieces.


Innate Abilities, Weirdness & Mutations

You can wield a second weapon in your off-hand.
It takes a long time for you to wield or remove held weapons.
Your first few attacks do less damage.
You cannot equip rings or amulets.


   Skills:
 - Level 2.0 Fighting
 + Level 4.6 Long Blades
 - Level 1.7 Throwing
 - Level 2.6 Dodging


You had 2 spell levels left.
You didn't know any spells.
Your spell library was empty.

Inventory:

Hand Weapons
 a - a +0 long sword (weapon) {Esteban}
 f - a +0 dagger (offhand) {Chakide}
Missiles
 d - 3 throwing nets (quivered) {=f!f}
 e - a javelin
 g - 28 stones
 l - 4 poisoned darts
Armour
 b - a +0 leather armour (worn)
 c - a +1 helmet (worn)
Magical Staves
 n - a staff of air {!a}
   (You found it on level 2 of the Dungeon)
Wands
 m - a wand of mindburst (18)
   (You found it on level 2 of the Dungeon)
Scrolls
 i - 3 scrolls of identify {@r1}
 j - a scroll of revelation {unknown}
Potions
 h - 2 potions of degeneration {unknown}
 k - a potion of curing {@q1}

Dungeon Overview and Level Annotations

Branches:
Dungeon (2/15) Zot: 10994

Altars:

Annotations:
D:2 Robin, Sigmund

. #.
############.# ≈≈~
#...$g.gKgg...
..###.##@#####..
####.##.##)#.##
.>=.............#
####.##.##..g.....
#.##.##....####
#.......#.##
#####.####.#
#.....# .#
#########.##### .#


You could see Robin, 4 goblins and a kobold.


Message History

Robin of the Strong Arm comes into view.
They are wielding a +0 mace.
The goblin moves out of view.
Robin shouts!
You hear a shout!
Robin roars a battlecry!
The goblins go into a battle-frenzy!
The goblin barely misses you.
A hobgoblin comes into view.
You hear a shout! x3
You slash the goblin with your +0 long sword!
You kill the goblin!
You barely miss the hobgoblin with your +0 long sword.
You barely miss the hobgoblin with your +0 dagger.
Robin throws the goblin at you! The goblin hits you with a +0 club.
A kobold comes into view. It is wielding a +0 whip.
A goblin comes into view. It is wielding a +0 dagger.
The hobgoblin barely misses you.
You hit the goblin with your +0 dagger.
You hit the goblin with your +0 long sword.
You kill the goblin!
The hobgoblin hits you. 😕 HP[-5]
You take 5 damage, and now have 22/27 hp.
You hit the hobgoblin with your +0 dagger.
You closely miss the hobgoblin with your +0 long sword.
Robin throws the goblin at you! The hobgoblin misses you.
The goblin hits you with a +0 dagger.
You barely miss the hobgoblin with your +0 long sword.
You hit the hobgoblin with your +0 dagger.
The goblin barely misses you. The hobgoblin barely misses you.
The goblin hits you but does no damage. 😮 HP[-2]
You take 2 damage, and now have 20/27 hp.
You barely miss the hobgoblin with your +0 long sword.
You hit the hobgoblin with your +0 dagger.
The goblin hits you but does no damage. The hobgoblin barely misses you.
The goblin misses you.
You slash the hobgoblin with your +0 long sword!
You kill the hobgoblin!
The goblin hits you with a +0 dagger. x2 😮 HP[-3]
You take 3 damage, and now have 17/27 hp.
You barely miss the goblin with your +0 dagger.
You slash the goblin with your +0 long sword!
You kill the goblin!
Robin says, "My army is invincible!"
Robin hits you with a +0 mace.
A goblin comes into view. It is wielding a +0 club.
The goblin hits you with a +0 dagger.
* * * LOW HITPOINT WARNING * * *
You are too injured to fight recklessly!
You are too injured to fight recklessly! 😨 HP[-4]
You take 4 damage, and now have 13/27 hp.
You are too injured to fight recklessly!
You are too injured to fight recklessly!
You are too injured to fight recklessly!
You are too injured to fight recklessly!
You hit the hobgoblin with your +0 dagger.
You hit the hobgoblin but do no damage.
Robin flexes a bicep menacingly.
Robin hits you with a +0 mace.
* * * LOW HITPOINT WARNING * * *
The goblin hits you with a +0 dagger.
* * * LOW HITPOINT WARNING * * *
The hobgoblin barely misses you. 😨 HP[-4]
You take 4 damage, and now have 9/27 hp.
You slash the hobgoblin with your +0 long sword!
You kill the hobgoblin!
Robin barely misses you. The goblin hits you but does no damage.
You barely miss Robin with your +0 long sword.
You barely miss Robin with your +0 dagger.
Robin hits you with a +0 mace.
* * * LOW HITPOINT WARNING * * *
The goblin closely misses you.
Unknown command. 😱 HP[-5]
You take 5 damage, and now have 4/27 hp.
You barely miss Robin with your +0 dagger.
You slash Robin with your +0 long sword!
The goblin no longer looks unusually strong.
Robin completely misses you.
The goblin misses you. 😱 HP[+1] Unknown command.
You hit Robin with your +0 dagger.
You closely miss Robin with your +0 long sword.
Robin roars a battlecry!
The goblin goes into a battle-frenzy!
The goblin hits you but does no damage.
You completely miss Robin with your +0 long sword.
You barely miss Robin with your +0 dagger.
The goblin no longer looks unusually strong.
Robin roars a battlecry!
The goblin goes into a battle-frenzy!
The goblin hits you but does no damage.
You hit Robin but do no damage. You hit Robin with your +0 long sword.
Robin hits you but does no damage.
A goblin comes into view. It is wielding a +0 club.
The goblin hits you with a +0 dagger.
You die...

Skill      XL: |  1  2 |
---------------+-------+-----
Long Blades    | 4 |  4.6
Fighting       | |  2.0
Throwing       | |  1.7
Dodging        | |  2.6

Action                     || total
---------------------------++-------
  Melee: Long sword        ||    99
         Dagger            ||    89
    Use: Scroll            ||     4
   Stab: Sleeping          ||     2
 Armour: Leather armour    ||    90
  Dodge: Dodged            ||    87

Levels and vault maps discovered:
D:1:      grunt_arrival_lava_bath, layout_rooms,
          ebering_ecumenical_altar_abandoned, minivault_4, minmay_heptomino_w4
D:2:      layout_loops_ring, serial_rivers, chequers_serial_rivers_micro_a,
          chequers_serial_rivers_small_b, chequers_serial_rivers_large_b,
          chequers_serial_rivers_micro_a, chequers_serial_rivers_micro_b,
          uniq_robin, uniq_sigmund

Notes
Turn   | Place    | Note
-------+----------+-------------------------------------------
     0 | D:1      | kae the Coglin Gladiator began the quest for the Orb.
     0 | D:1      | Reached XP level 1. HP: 16/16 MP: 1/1
     0 | D:1      | magus.rc [v1.11.3]
    24 | D:1      | Reached XP level 2. HP: 21/22 MP: 2/2
    54 | D:1      | HP: 4/22 [hobgoblin (4)]
   176 | D:1      | Reached skill level 4 in Long Blades
   197 | D:1      | Reached XP level 3. HP: 26/27 MP: 3/3
   561 | D:1      | Found a faded altar of an unknown god.
   780 | D:2      | Noticed Sigmund
   954 | D:2      | Noticed Robin
   968 | D:2      | HP: 4/27 [Robin/+0 mace (5)]
   972 | D:2      | Slain by a goblin

Vanquished Creatures
  A dart slug (D:1)
  7 bats
  An endoplasm (D:1)
  3 giant cockroaches
  5 goblins
  9 hobgoblins
  5 kobolds (D:1)
  5 ball pythons
  5 frilled lizards (D:1)
  3 rats
44 creatures vanquished.

Table legend:
 A = Non-vault XP
 B = Vault XP
 C = Vault XP percentage of total XP
 D = Non-vault monster count
 E = Vault monster count
 F = Vault count percentage of total count
                 A         B        C        D         E       F
            +---------+---------+-------+---------+---------+-------
      Total |      54 |      21 |  28.0 |      33 |      11 |  25.0
            +---------+---------+-------+---------+---------+-------
        D:1 |      48 |      11 |  18.6 |      29 |       6 |  17.1
        D:2 |       6 |      10 |  62.5 |       4 |       5 |  55.6
            +---------+---------+-------+---------+---------+-------

Skill      XL: |  1  2 |
---------------+-------+-----
Long Blades    | 4 |  4.6
Fighting       | |  2.0
Throwing       | |  1.7
Dodging        | |  2.6

Action                     || total
---------------------------++-------
  Melee: Long sword        ||    99
         Dagger            ||    89
    Use: Scroll            ||     4
   Stab: Sleeping          ||     2
 Armour: Leather armour    ||    90
  Dodge: Dodged            ||    87

Illustrated notes

Table legend:
 A = Kills in this place as a percentage of kills in the entire game.
 B = Kills by you in this place as a percentage of kills by you in the entire game.
 C = Kills by friends in this place as a percentage of kills by friends in the entire game.
 D = Other kills in this place as a percentage of other kills in the entire game.
 E = Experience gained in this place as a percentage of experience gained in the entire game.
 F = Experience gained in this place divided by the number of levels of this place that you have seen.
                   A       B       C       D       E      F
               +-------+-------+-------+-------+-------+----------------------
         Total | 100.0 | 100.0 |   N/A |   N/A | 100.0 |  37.5
       Dungeon | 100.0 | 100.0 |   N/A |   N/A | 100.0 |  37.5
               +-------+-------+-------+-------+-------+----------------------

Table legend: (Time is in decaauts)
 A = Elapsed time spent in this place.
 B = Non-inter-level travel time spent in this place.
 C = Inter-level travel time spent in this place.
 D = Time resting spent in this place.
 E = Time spent auto-exploring this place.
 F = Levels seen in this place.
 G = Mean time per level.
                   A        B        C        D        E       F      G
               +--------+--------+--------+--------+--------+-----+--------+
         Total |   1004 |    988 |     16 |      0 |    768 |   2 |  502.0 |
       Dungeon |   1004 |    988 |     16 |      0 |    768 |   2 |  502.0 |
               +--------+--------+--------+--------+--------+-----+--------+

Top non-repeatable levels by time:
     D:1: 608 daAuts
     D:2: 396 daAuts
